 Dungeon Crawl Stone Soup version 0.30.0-29-ga12c61a403 (webtiles) character file.

Game seed: 7508951242654901531

1935 qw the Cleaver (level 9, -1/55 HPs)
             Began as a Gargoyle Fighter on June 5, 2023.
             Was an Initiate of Okawaru.
             Slain by an ice beast (14 damage)
             ... on level 6 of the Dungeon.
             The game lasted 00:03:20 (6109 turns).

qw the Cleaver (Gargoyle Fighter)                   Turns: 6109, Time: 00:03:20

Health: -1/55      AC: 15    Str: 23    XL:     9   Next: 17%
Magic:  10/11      EV:  9    Int: 10    God:    Okawaru [......]
Gold:   242        SH: 10    Dex:  9    Spells: 8/8 levels left

rFire   . . .        Y - +1 war axe
rCold   . . .        m - +0 kite shield
rNeg    + . .        a - +0 chain mail
rPois   inf          (no helmet)
rElec   +            i - scarf {repulsion}
rCorr   .            e - +0 pair of gloves
SInv    .            (no boots)
Will    .....        k - amulet of faith Stlth
                     (no ring)
HPRegen 0.29/turn    (no ring)
MPRegen 0.12/turn

%: repel missiles, faith
@: heroic, corroded
A: sickness immunity, AC +6, negative energy resistance 1, electricity
resistance, torment resistance 1, petrification resistance
a: Renounce Religion


You were on level 6 of the Dungeon.
You worshipped Okawaru.
Okawaru was noncommittal.
You visited 2 branches of the dungeon, and saw 7 of its levels.
You also visited: Sewer.

You collected 242 gold pieces.


Innate Abilities, Weirdness & Mutations

You are immune to sickness and miasma.
Your stone body is resilient. (AC +6)
You are immune to poison.
You resist negative energy. (rN+)
You are resistant to electric shocks. (rElec)
You are resistant to unholy torment.
You are immune to petrification.


   Skills:
 - Level 6.2(11.2) Fighting
 - Level 8.4(13.4) Axes
 - Level 4.5(9.5) Armour
 - Level 1.2(6.2) Dodging
 + Level 4.3(9.3) Shields
 - Level 3.7 Invocations


You had 8 spell levels left.
You didn't know any spells.
Your spell library was empty.

Inventory:

Hand Weapons
 h - a +3 flail of protection
 Y - a +1 war axe (weapon)
Armour
 a - a +0 chain mail (worn)
 e - a +0 pair of gloves (worn)
 i - a scarf of repulsion (worn)
 m - a +0 kite shield (worn)
Jewellery
 k - an amulet of faith (around neck)
 o - an amulet of regeneration
Scrolls
 p - 2 scrolls of identify
 r - a scroll of teleportation
Potions
 b - a potion of cancellation
 d - a potion of might
 f - a potion of heal wounds
 l - 2 potions of curing
 n - a potion of haste {unknown}
 q - a potion of resistance

Dungeon Overview and Level Annotations

Branches:
Dungeon (6/15)             Temple (1/1) D:4           Sewer (visited)

Altars:
Ashenzari
Cheibriados
Dithmenos
Fedhas
Gozag
Hepliaklqana
Kikubaaqudgha
Makhleb
Nemelex Xobeh
Okawaru
Qazlal
Ru
Sif Muna
Trog
Uskayaw
Vehumet
Wu Jian
Xom

Annotations:
D:4 1 runed translucent door, Crazy Yiuf


Message History

The acid dragon claws you but does no damage.
You barely miss the acid dragon.
The acid dragon is moderately wounded.
You hit the troll but do no damage. The acid dragon barely misses you.
You block the acid dragon's attack.
You block the troll's attack. x2; The troll barely misses you.
You completely miss the acid dragon.
The acid dragon is moderately wounded.
You hit the ice beast. You hit the troll. The acid dragon spits acid at you.
The splash of acid hits you! The acid corrodes you!
You block the troll's attack. x3
The ice beast hits you but does no damage.
You barely miss the ice beast.
The ice beast is moderately wounded.
You hit the troll. You closely miss the acid dragon.
You hit the troll but do no damage.
The troll is moderately wounded.
You hit the acid dragon but do no damage.
You slash the ice beast! You block the troll's attack.
The troll barely misses you. You block the troll's attack.
The acid dragon bites you. The acid dragon claws you.
The ice beast hits you but does no damage.
You slash the ice beast!
The ice beast is almost dead.
You hit the troll but do no damage. You slash the acid dragon!
You block the acid dragon's attack. The acid dragon closely misses you.
The troll bites you but does no damage.
The troll claws you but does no damage. x2
The ice beast hits you but does no damage.
A hound comes into view.
You barely miss the ice beast.
The ice beast is almost dead.
You hit the troll. You barely miss the acid dragon.
The troll bites you but does no damage. The troll misses you.
You block the troll's attack.
The acid dragon bites you but does no damage.
The acid dragon claws you but does no damage.
The ice beast hits you. The ice beast freezes you!
You die...

# . ## .### . ... ..
..###.### #.## ..#.#.#
..#.#.....#.....
.#.#.#.#.#.#.8.8Y#h.!..
..#.#.#.#....8@T..?$$.
...#.#.#.#.8.8D#../..
......#.#.....# ... #..
#.#.###.### #
#.###.#.......#
#<......#####.#
######..# ... ..#.#
#... .#.#.# }.$.


You could see a troll, an acid dragon (catching breath), an ice beast and a
hound.

Vanquished Creatures
  Edmund (D:4)
  A water moccasin (D:5)
  A black bear (D:5)
  3 ogres
  A phantom (D:4)
  2 bullfrogs (D:6)
  4 scorpions
  4 crimson imps (D:5)
  7 jellies
  A quasit (D:4)
  3 hounds
  A gnoll bouda (D:4)
  A sleepcap (D:5)
  3 iguanas
  An orc wizard (D:5)
  8 adders
  5 gnolls
  A white imp (D:4)
  2 ufetubi (D:4)
  4 worms
  3 dart slugs
  15 orcs
  3 bats
  24 endoplasms
  7 giant cockroaches
  8 goblins
  9 hobgoblins
  13 jackals
  6 quokkas
  9 ball pythons
  4 frilled lizards
  6 kobolds
  7 rats
168 creatures vanquished.

Notes
Turn   | Place    | Note
-------+----------+-------------------------------------------
     0 | D:1      | qw the Gargoyle Fighter began the quest for the Orb.
     0 | D:1      | Reached XP level 1. HP: 14/14 MP: 1/1
     0 | D:1      | 0 ||| qw: Version: 0.2-a-108-gee2c290
     0 | D:1      | 0 ||| qw: Game counter: 1346
     0 | D:1      | 0 ||| qw: Always use a shield: true
     0 | D:1      | 0 ||| qw: God list: Okawaru
     0 | D:1      | 0 ||| qw: Allow faded altars: false
     0 | D:1      | 0 ||| qw: Do Orc after D:15 true
     0 | D:1      | 0 ||| qw: Do second Lair branch before Depths: true
     0 | D:1      | 0 ||| qw: Lair rune preference: random
     0 | D:1      | 0 ||| qw: Plans: Normal, Zot:1-4, Slime:5, God:TSO, Crypt,
                  | Tomb, Abyss, Pan, Hells, Win
     0 | D:1      | 0 ||| PLANNING D:1-11
    26 | D:1      | 26 ||| Stepping ~*~*~tactically~*~*~ (stealth).
    37 | D:1      | Reached skill level 2 in Axes
   125 | D:1      | Reached XP level 2. HP: 14/19 MP: 2/2
   305 | D:1      | Reached skill level 3 in Axes
   305 | D:1      | Reached XP level 3. HP: 23/23 MP: 3/3
   660 | D:1      | 660 ||| UPGRADING to +0 pair of gloves.
   665 | D:1      | 665 ||| UPGRADING to scarf of repulsion.
   670 | D:1      | 670 ||| READING scroll labelled VIT KISEXU.
   671 | D:1      | 671 ||| READING scroll labelled VOMANIPN NAZUL.
   672 | D:1      | 672 ||| READING scroll labelled YSHREO AKKYTE.
   673 | D:1      | 673 ||| READING scroll labelled RUWEFR PISE.
   882 | D:2      | 882 ||| Stepping ~*~*~tactically~*~*~ (hiding).
   883 | D:2      | 883 ||| Stepping ~*~*~tactically~*~*~ (hiding).
   901 | D:2      | 901 ||| Stepping ~*~*~tactically~*~*~ (stealth).
   912 | D:2      | 912 ||| DROPPING +0 club.
  1096 | D:2      | 1096 ||| Stepping ~*~*~tactically~*~*~ (hiding).
  1112 | D:2      | Reached XP level 4. HP: 27/28 MP: 4/4
  1273 | D:2      | Reached skill level 4 in Axes
  1781 | D:2      | 1781 ||| READING scroll labelled BEALLU QOSOQAO.
  1782 | D:2      | 1782 ||| READING scroll labelled QERHAJ HOT MAW.
  1783 | D:2      | 1783 ||| DRINKING 2 sapphire potions.
  2062 | D:3      | 2062 ||| Stepping ~*~*~tactically~*~*~ (hiding).
  2419 | D:3      | 2419 ||| DROPPING +0 whip.
  2433 | D:3      | Found a hazy altar of Hepliaklqana.
  2620 | D:3      | Reached XP level 5. HP: 29/32 MP: 5/5
  2643 | D:3      | 2643 ||| UPGRADING to +0 chain mail.
  2653 | D:3      | 2653 ||| DROPPING +0 scale mail.
  2654 | D:3      | 2654 ||| READING scroll labelled ASYCUZXI LUJUE.
  2682 | D:4      | Found a staircase to the Ecumenical Temple.
  2683 | D:4      | 2683 ||| PLANNING TEMPLE
  2752 | Temple   | Entered the Ecumenical Temple
  2956 | Temple   | 2956 ||| PLANNING OKAWARU WORSHIP
  3020 | Temple   | Became a worshipper of Warmaster Okawaru
  3020 | Temple   | 3020 ||| PLANNING D:1-11
  3075 | D:4      | Reached skill level 5 in Axes
  3228 | D:4      | Noticed a phantom
  3241 | D:4      | Killed a phantom
  3242 | D:4      | Reached XP level 6. HP: 29/38 MP: 6/6
  3368 | D:4      | Reached skill level 6 in Axes
  3406 | D:4      | Reached * piety under Okawaru
  3417 | D:4      | 3417 ||| INVOKING Heroism.
  3419 | D:4      | Reached skill level 1 in Dodging
  3419 | D:4      | Reached XP level 7. HP: 29/43 MP: 4/7
  3631 | D:4      | 3631 ||| UPGRADING to amulet of regeneration.
  3642 | D:4      | 3642 ||| Stepping ~*~*~tactically~*~*~ (stealth).
  3666 | D:4      | Noticed Edmund
  3667 | D:4      | 3667 ||| INVOKING Heroism.
  3678 | D:4      | 3678 ||| INVOKING Heroism.
  3697 | D:4      | Killed Edmund
  3698 | D:4      | Reached skill level 7 in Axes
  3712 | D:4      | 3712 ||| DROPPING +0 flail.
  3747 | D:4      | 3747 ||| Stepping ~*~*~tactically~*~*~ (stealth).
  3763 | D:4      | Found a runed translucent door.
  3764 | D:4      | Noticed Crazy Yiuf
  3893 | D:4      | 3893 ||| Stepping ~*~*~tactically~*~*~ (stealth).
  3903 | D:4      | 3903 ||| Stepping ~*~*~tactically~*~*~ (stealth).
  3904 | D:4      | 3904 ||| Stepping ~*~*~tactically~*~*~ (stealth).
  3956 | D:4      | 3956 ||| Stepping ~*~*~tactically~*~*~ (stealth).
  4106 | D:4      | 4106 ||| Stepping ~*~*~tactically~*~*~ (hiding).
  4344 | D:4      | 4344 ||| READING scroll labelled OPEGHI GIVEUZAOBU.
  4345 | D:4      | 4345 ||| READING scroll labelled OROFIDU NIAPH.
  4378 | D:4      | 4378 ||| DRINKING 2 fuming orange potions.
  4379 | D:4      | 4379 ||| DROPPING potion of degeneration.
  4413 | D:5      | Entered Level 5 of the Dungeon
  4414 | D:5      | 4414 ||| PLANNING SEWER
  4414 | D:5      | 4414 ||| INVOKING Heroism.
  4435 | D:5      | Reached skill level 1 in Invocations
  4490 | D:5      | Found a glowing drain.
  4497 | D:5      | Reached XP level 8. HP: 49/49 MP: 8/8
  4513 | Sewer    | Entered a sewer
  4583 | Sewer    | 4583 ||| Stepping ~*~*~tactically~*~*~ (water).
  4594 | Sewer    | 4594 ||| Stepping ~*~*~tactically~*~*~ (stealth).
  4664 | Sewer    | 4664 ||| INVOKING Heroism.
  4732 | Sewer    | Found a viscous altar of Jiyva.
  4809 | Sewer    | 4809 ||| READING scroll labelled QEELON FIOLYD.
  4810 | Sewer    | 4810 ||| READING scroll labelled SERITH HYETE.
  4811 | Sewer    | 4811 ||| DRINKING 2 golden potions.
  4812 | Sewer    | 4812 ||| DRINKING 4 puce potions.
  4813 | Sewer    | 4813 ||| DRINKING 2 black potions.
  4814 | Sewer    | 4814 ||| DROPPING 3 potions of invisibility.
  4837 | D:5      | 4837 ||| PLANNING D:1-11
  4859 | D:5      | Found a shimmering altar of Xom.
  4908 | D:5      | Reached skill level 8 in Axes
  4908 | D:5      | 4908 ||| Stepping ~*~*~tactically~*~*~ (stealth).
  4911 | D:5      | 4911 ||| Stepping ~*~*~tactically~*~*~ (stealth).
  4938 | D:5      | Reached skill level 3 in Invocations
  4954 | D:5      | Found a broken altar of Ashenzari.
  4957 | D:5      | 4957 ||| INVOKING Heroism.
  5002 | D:5      | 5002 ||| INVOKING Heroism.
  5025 | D:5      | Found a snail-covered altar of Cheibriados.
  5140 | D:5      | 5140 ||| INVOKING Heroism.
  5153 | D:5      | Reached skill level 6 in Fighting
  5326 | D:5      | 5326 ||| INVOKING Heroism.
  5568 | D:5      | 5568 ||| Stepping ~*~*~tactically~*~*~ (stealth).
  5570 | D:5      | 5570 ||| Stepping ~*~*~tactically~*~*~ (hiding).
  5583 | D:5      | Reached XP level 9. HP: 48/55 MP: 11/11
  5997 | D:5      | 5997 ||| UPGRADING to +0 kite shield.
  6007 | D:5      | 6007 ||| DROPPING +0 buckler.
  6008 | D:5      | 6008 ||| UPGRADING to amulet of faith.
  6018 | D:5      | 6018 ||| READING scroll labelled ROACYU HAWEY.
  6019 | D:5      | 6019 ||| DRINKING 2 viscous green potions.
  6020 | D:5      | 6020 ||| READING 2 scrolls of identify.
  6020 | D:5      | 6020 ||| IDENTIFYING fuming emerald potion
  6021 | D:5      | 6021 ||| DROPPING potion of brilliance.
  6094 | D:6      | Noticed a troll
  6098 | D:6      | 6098 ||| INVOKING Heroism.
  6109 | D:6      | HP: 13/55 [ice beast (3)]
  6109 | D:6      | Slain by an ice beast

Levels and vault maps discovered:
D:1:      co_arrival_square_in_a_square_in_a_square, layout_basic
D:2:      layout_basic
D:3:      layout_basic, nicolae_hepliaklqana_hippocampus, dk_noncrumbling_2
D:4:      minmay_diamond_boxcup, layout_rooms, minmay_temple_entry_crystal_x,
          serial_demonic, serial_demonic_e, serial_demonic_b, serial_demonic_c,
          serial_demonic_a, serial_demonic_g, serial_demonic_g,
          chequers_big_river, uniq_edmund, uniq_crazy_yiuf_cottage
D:5:      layout_basic, mainiacjoe_overflow_alcove_4, mainiacjoe_overflow_paths,
          led_xom_imps, portal_sewer_entry_f, chequers_arboretum,
          interstate_on_off
D:6:      layout_basic, minmay_chambers_of_fives
Temple:   minmay_temple_curvy_branch

Skill      XL: |  1  2  3  4  5  6  7  8  9 |
---------------+----------------------------+-----
Axes           | 2 3 4 5 6 7 8 |  8.4
Fighting       | 4 5 6 |  6.2
Dodging        | 1 |  1.2
Invocations    | 1 3 |  3.7
Armour         | 4 |  4.5
Shields        | 4 |  4.3

Action                     |  1- 3 |  4- 6 |  7- 9 || total
---------------------------+-------+-------+-------++-------
  Melee: War axe           |   120 |   167 |   291 ||   578
  Throw: Boomerang         |       |    15 |     3 ||    18
 Invoke: Heroism           |       |     1 |     9 ||    10
    Use: Scroll            |     4 |     3 |     6 ||    13
         Potion            |       |     1 |     5 ||     6
 Armour: Scale mail        |    59 |    47 |       ||   106
         Chain mail        |       |    55 |   154 ||   209
         Skin              |       |       |     9 ||     9
  Dodge: Dodged            |    58 |    73 |    79 ||   210
         Repelled          |       |     1 |     2 ||     3
  Block: Buckler           |    16 |    25 |    38 ||    79
         Kite shield       |       |       |    21 ||    21

Table legend:
 A = Non-vault XP
 B = Vault XP
 C = Vault XP percentage of total XP
 D = Non-vault monster count
 E = Vault monster count
 F = Vault count percentage of total count
                 A         B        C        D         E       F
            +---------+---------+-------+---------+---------+-------
      Total |    1880 |     885 |  32.0 |     119 |      49 |  29.2
            +---------+---------+-------+---------+---------+-------
        D:1 |      48 |       0 |   0.0 |      27 |       0 |   0.0
        D:2 |      69 |       0 |   0.0 |      18 |       0 |   0.0
        D:3 |      93 |       0 |   0.0 |      19 |       0 |   0.0
        D:4 |     539 |     316 |  37.0 |      27 |      13 |  32.5
        D:5 |     995 |     200 |  16.7 |      25 |       9 |  26.5
        D:6 |     136 |     104 |  43.3 |       3 |       2 |  40.0
      Sewer |       0 |     265 | 100.0 |       0 |      25 | 100.0
            +---------+---------+-------+---------+---------+-------
